 Dungeon Crawl Stone Soup version 0.30.0-29-ga12c61a403 (webtiles) character file.

Game seed: 11358673944382566314

91 LustLizard the Conjurer (level 4, -9/28 HPs)
             Began as an Octopode Conjurer on June 23, 2023.
             Was an Initiate of Makhleb.
             Killed by nerve-wracking pain
             ... invoked by a shadow imp
              (11 damage)
             ... on level 5 of the Dungeon.
             The game lasted 00:03:16 (1882 turns).

LustLizard the Conjurer (Octopode Conjurer)         Turns: 1882, Time: 00:03:16

Health: -9/28      AC:  1    Str:  8    XL:     4   Next: 59%
Magic:  0/16       EV: 13    Int: 20    God:    Makhleb [......]
Gold:   40         SH:  0    Dex: 10    Spells: 4/8 levels left

rFire   . . .        (no weapon)
rCold   . . .        (no shield)
rNeg    . . .        (helmet restricted)
rPois   .            h - amulet of the acrobat
rElec   .            e - ring of magical power
rCorr   .            (no ring)
SInv    .            (no ring)
Will    .....        (no ring)
Stlth   +++          (no ring)
HPRegen 0.24/turn    (no ring)
MPRegen 0.15/turn    (no ring)
                     (no ring)

%: acrobat
@: no status effects
A: almost no armour, amphibious, 8 rings, camouflage 1, gelatinous body 1,
(nimble swimmer 1), tentacles
a: Renounce Religion


You were on level 5 of the Dungeon.
You worshipped Makhleb.
Makhleb was noncommittal.
You visited 2 branches of the dungeon, and saw 5 of its levels.

You collected 40 gold pieces.

Inventory:

Jewellery
 e - a ring of magical power (left tentacle)
 h - an amulet of the acrobat (around mantle)
Scrolls
 f - a scroll of amnesia {unknown}
 g - a scroll of magic mapping {unknown}
 i - a scroll of teleportation {unknown}
Potions
 a - a potion of magic
 c - a potion of curing {unknown}


   Skills:
 + Level 1.4 Fighting
 - Level 2.0 Dodging
 + Level 3.7 Stealth
 + Level 2.5 Spellcasting
 * Level 4.8 Conjurations
 + Level 0.2 Air Magic
 + Level 0.4 Poison Magic


You had 4 spell levels left.
You knew the following spells:

 Your Spells              Type           Power      Damage    Failure   Level
a - Magic Dart            Conj           84%        1d7       1%          1
b - Mephitic Cloud        Conj/Pois/Air  9%         N/A       22%         3

Your spell library contained the following spells:

 Spells                   Type           Power      Damage    Failure   Level
 Searing Ray              Conj           42%        2d6       3%          2
 Dazzling Flash           Conj/Hex       24%        N/A       17%         3
 Call Imp                 Summ           4%         N/A       22%         2
 Fulminant Prism          Conj/Hex       6%         3d7       50%         4
 Iskenderun's Mystic Bla  Conj/Tloc      12%        2d5       50%         4


Dungeon Overview and Level Annotations

Branches:
Dungeon (5/15)             Temple (1/1) D:5

Altars:
Cheibriados
Elyvilon
Gozag
Hepliaklqana
Kikubaaqudgha
Makhleb
Nemelex Xobeh
Okawaru
Trog
Uskayaw
Vehumet
Wu Jian
Xom
Zin

Shops:
D:1 (:


Innate Abilities, Weirdness & Mutations

You cannot wear most types of armour.
You are amphibious.
You can wear up to eight rings at the same time.
Your skin changes colour to match your surroundings (Stealth+).
Your rubbery body absorbs attacks. (AC +1, EV +1)
((You are camouflaged when in or above water. (Stealth+)))
You have tentacles for arms and can constrict up to eight enemies at once.


Message History

Aiming: Magic Dart (safe; 1% risk of failure)
Press: ? - help, Q - select action Shift-Dir - straight line, f/p - Grinder
Aim: Grinder (severely wounded, constricted by you, 100% to hit)
The magic dart hits Grinder but does no damage.
Grinder is severely wounded.
You constrict Grinder, but do no damage.
Grinder hits you.
You writhe in agony.
Aiming: Magic Dart (safe; 1% risk of failure)
Press: ? - help, Q - select action Shift-Dir - straight line, f/p - Grinder
Aim: Grinder (severely wounded, constricted by you, 100% to hit)
The magic dart hits Grinder.
Grinder is severely wounded.
You constrict Grinder.
Grinder struggles to blink free from constriction.
Aiming: Magic Dart (safe; 1% risk of failure)
Press: ? - help, Q - select action Shift-Dir - straight line, f/p - Grinder
Aim: Grinder (severely wounded, constricted by you, 100% to hit)
The magic dart hits Grinder.
Grinder is almost dead.
You constrict Grinder. Grinder gestures at you. Pain shoots through your body!
Ouch! That really hurt!
* * * LOW HITPOINT WARNING * * *
Okay, then.
Aiming: Magic Dart (safe; 1% risk of failure)
Press: ? - help, Q - select action Shift-Dir - straight line, f/p - Grinder
Aim: Grinder (almost dead, constricted by you, 100% to hit)
The magic dart hits Grinder.
Grinder is almost dead.
You constrict Grinder.
Grinder escapes!
Aiming: Magic Dart (safe; 1% risk of failure)
Press: ? - help, Q - select action Shift-Dir - straight line, f/p - Grinder
Aim: Grinder (almost dead, 100% to hit)
The magic dart hits Grinder.
You kill Grinder!
Makhleb accepts your kill. The shadow imp gestures at you.
Pain shoots through your body!
You die...

....#......(.#.#
..##5.>..##...#
#........#.....#
...###...##.....#
.....###.#......#
#.....#.#.###.##
#............#
#####.#5######
#..@# #####


You could see a shadow imp.

Vanquished Creatures
  Grinder (D:5)
  A hound (D:5)
  2 adders (D:2)
  A dart slug (D:2)
  An orc (D:2)
  3 endoplasms (D:2)
  6 goblins
  2 hobgoblins
  2 jackals (D:2)
  2 kobolds (D:3)
  A quokka (D:1)
  9 ball pythons
  7 bats
  A frilled lizard (D:1)
  2 rats (D:1)
41 creatures vanquished.

Notes
Turn   | Place    | Note
-------+----------+-------------------------------------------
     0 | D:1      | LustLizard the Octopode Conjurer began the quest for the
                  | Orb.
     0 | D:1      | Reached XP level 1. HP: 11/11 MP: 3/3
    44 | D:1      | Found Hainepn's Vocational Training.
   237 | D:1      | Reached XP level 2. HP: 18/18 MP: 1/5
   420 | D:1      | Found Zolochel's Weapon Emporium.
   723 | D:2      | Reached XP level 3. HP: 22/22 MP: 0/6
   887 | D:2      | Reached skill level 1 in Fighting
  1553 | D:2      | Reached XP level 4. HP: 28/28 MP: 7/7
  1753 | D:3      | Learned a level 3 spell: Mephitic Cloud
  1783 | D:3      | You fall into a shaft and drop 2 floors!
  1783 | D:5      | Entered Level 5 of the Dungeon
  1783 | D:5      | Found a staircase to the Ecumenical Temple.
  1785 | D:5      | Noticed Grinder
  1788 | Temple   | Entered the Ecumenical Temple
  1830 | Temple   | Became a worshipper of Makhleb the Destroyer
  1857 | D:5      | Paralysed by Grinder for 5 turns
  1880 | D:5      | HP: 1/28 [Grinder/nerve-wracking pain (14)]
  1882 | D:5      | Killed Grinder
  1882 | D:5      | Killed from afar by a shadow imp

Illustrated notes

Levels and vault maps discovered:
D:1:      lightli_arrival_windingriver, layout_rooms, serial_shops, shop,
          nicolae_shop_vocational
D:2:      layout_basic, chequers_serial_rivers_small_b, corexii_shack
D:3:      layout_loops_cross, mainiacjoe_overflow_surrounded_room,
          cheibrodos_sewer_entry_sluice, serial_shops, shop
D:5:      layout_rooms, chequers_temple_overflow_statue_of_worship,
          minmay_temple_entry_slanted, corexii_leaking_fountain,
          kennysheep_opposing_triangles, uniq_grinder
Temple:   eino_temple_water

Skill      XL: |  1  2  3 |
---------------+----------+-----
Stealth        | 3 |  3.7
Fighting       | 1 |  1.4
Dodging        | |  2.0
Spellcasting   | |  2.5
Conjurations   | |  4.8
Air Magic      | |  0.2
Poison Magic   | |  0.4

Action                     |  1- 3 |  4- 6 || total
---------------------------+-------+-------++-------
  Melee: Unarmed           |     1 |     1 ||     2
         Constrict         |     1 |     1 ||     2
         Tentacles         |     1 |       ||     1
   Cast: Magic Dart        |    58 |    27 ||    85
    Use: Scroll            |       |     1 ||     1
         Potion            |       |     1 ||     1
  Dodge: Dodged            |     1 |    11 ||    12
